 Dungeon Crawl Stone Soup version 0.31-a0-14-gc80a10f4b6 (webtiles) character file.

Game seed: 6906847971251737856

32 sampeng1 the Chopper (level 3, 0/43 HPs)
             Began as a Human Berserker on May 7, 2023.
             Was a Follower of Trog.
             Slain by a gnoll
             ... wielding a +0 halberd
              (8 damage)
             ... on level 2 of the Dungeon on May 8, 2023.
             The game lasted 00:03:00 (1010 turns).

sampeng1 the Chopper (Human Berserker)              Turns: 1010, Time: 00:03:01

Health: 0/43       AC:  3    Str: 19    XL:     3   Next: 45%
Magic:  0/3        EV: 12    Int:  7    God:    Trog [*.....]
Gold:   67         SH:  0    Dex: 12    Spells: 2/2 levels left

rFire   . . .        a - +0 hand axe
rCold   . . .        (no shield)
rNeg    . . .        g - +0 leather armour
rPois   .            (no helmet)
rElec   .            (no cloak)
rCorr   .            (no gloves)
SInv    .            (no boots)
Will    .....        f - amulet of guardian spirit Stlth
                     (no ring)
HPRegen 0.27/turn    (no ring)
MPRegen 0.08/turn

%: clarity, guardian spirit
@: berserking, very quick
A: clarity
a: Renounce Religion, Berserk


You were on level 2 of the Dungeon.
You worshipped Trog.
Trog was aware of your devotion.
You visited 1 branch of the dungeon, and saw 2 of its levels.

You collected 67 gold pieces.

Inventory:

Hand Weapons
 a - a +0 hand axe (weapon)
Armour
 b - a +0 animal skin
 e - a +0 ring mail
 g - a +0 leather armour (worn)
Jewellery
 f - an amulet of guardian spirit (around neck)
Scrolls
 c - 2 scrolls of poison {unknown}
Potions
 d - 2 potions of curing


   Skills:
 + Level 3.3 Fighting
 + Level 3.3 Axes
 + Level 2.5 Armour
 + Level 2.4 Dodging


You had 2 spell levels left.
You didn't know any spells.
Your spell library was empty.

Dungeon Overview and Level Annotations

Branches:
Dungeon (2/15)

Altars:


Innate Abilities, Weirdness & Mutations

You possess an exceptional clarity of mind.


Message History

You barely miss the worm.
The worm is heavily wounded.
The worm bites you.
You hit the worm.
The worm is heavily wounded.
You hit the worm.
The worm is heavily wounded.
The worm completely misses you.
You slash the worm!
The worm is almost dead.
The worm bites you.
You hit the worm.
The worm is almost dead.
You completely miss the worm.
The worm is almost dead.
The worm bites you.
You hit the worm.
You kill the worm!
Trog accepts your kill.
HP restored.
You now have 53 gold pieces (gained 9).
A gnoll comes into view. It is wielding a +0 halberd.
The gnoll shouts!
A gnoll comes into view. It is wielding a +0 halberd.
A gnoll comes into view. It is wielding a +0 club.
You now have 67 gold pieces (gained 14).
The gnoll closely misses you.
The gnoll hits you from afar with a +0 halberd.
You closely miss the gnoll. The gnoll barely misses you.
A gnoll comes into view. It is wielding a +0 spear.
The gnoll barely misses you.
You closely miss the gnoll.
The gnoll shouts!
You hear a shout!
The gnoll hits you with a +0 halberd!
The gnoll hits you from afar with a +0 halberd!
* * * LOW HITPOINT WARNING * * *
A red film seems to cover your vision as you go berserk!
You feel yourself moving faster!
You feel mighty! The gnoll hits you with a +0 halberd!
You die...

....... ##.....##
#.......# #.......#
#.......#### #..........
######......#.### ##.
....##..........####.....
....##.....##...@...#
....##....####.g###.#
....#......####g.# #
...................
.................g..
####...........g.....
##..............g.
##...........
#...........


You could see 3 gnolls.

Vanquished Creatures
  A worm (D:2)
  A dart slug (D:1)
  3 endoplasms (D:1)
  A giant cockroach (D:1)
  2 goblins (D:1)
  3 hobgoblins
  3 quokkas (D:1)
  4 ball pythons (D:1)
  A bat (D:1)
  A frilled lizard (D:1)
  3 kobolds
  3 rats (D:1)
26 creatures vanquished.

Notes
Turn   | Place    | Note
-------+----------+-------------------------------------------
     0 | D:1      | sampeng1 the Human Berserker began the quest for the Orb.
     0 | D:1      | Reached XP level 1. HP: 18/18 MP: 1/1
   162 | D:1      | Reached XP level 2. HP: 15/24 MP: 2/2
   498 | D:1      | Reached XP level 3. HP: 8/29 MP: 3/3
   542 | D:1      | Gained mutation: You possess an exceptional clarity of
                  | mind. [potion of mutation]
  1010 | D:2      | Slain by a gnoll

Illustrated notes

Levels and vault maps discovered:
D:1:      dpeg_arrival_lava_temple_mockup, layout_loops_ring
D:2:      layout_rooms, hangedman_decor_points, grunt_ministairs_1

Action                     || total
---------------------------++-------
  Melee: Hand axe          ||    64
         Punch             ||     2
 Invoke: Berserk           ||     2
    Use: Potion            ||     2
         Scroll            ||     1
   Stab: Sleeping          ||     2
 Armour: Animal skin       ||    13
         Leather armour    ||     3
  Dodge: Dodged            ||    49

Table legend: (Time is in decaauts)
 A = Elapsed time spent in this place.
 B = Non-inter-level travel time spent in this place.
 C = Inter-level travel time spent in this place.
 D = Time resting spent in this place.
 E = Time spent auto-exploring this place.
 F = Levels seen in this place.
 G = Mean time per level.
                   A        B        C        D        E       F      G
               +--------+--------+--------+--------+--------+-----+--------+
         Total |   1029 |    980 |     49 |      0 |    638 |   2 |  514.5 |
       Dungeon |   1029 |    980 |     49 |      0 |    638 |   2 |  514.5 |
               +--------+--------+--------+--------+--------+-----+--------+

Top non-repeatable levels by time:
     D:1: 895 daAuts
     D:2: 134 daAuts
